 Dungeon Crawl Stone Soup version 0.30.0-29-ga12c61a403 (webtiles) character file.

Game seed: 17918891325539007446

555 seaoflcl the Chopper (level 7, -3/91 HPs)
             Began as a Minotaur Fighter on June 7, 2023.
             Slain by a troll (4 damage)
             ... on level 6 of the Dungeon.
             The game lasted 00:03:33 (3631 turns).

seaoflcl the Chopper (Minotaur Fighter)             Turns: 3631, Time: 00:03:33

Health: -3/91      AC: 23    Str: 23    XL:     7   Next: 8%
Magic:  2/2        EV:  2    Int:  5    God:
Gold:   199        SH:  4    Dex:  9    Spells: 6/6 levels left

rFire   . . .        A - +2 hand axe (antimagic)
rCold   . . .        c - +0 buckler
rNeg    . . .        x - melded +0 chain mail
rPois   +            (helmet currently unavailable)
rElec   .            k - melded +0 cloak {Stlth+}
rCorr   .            E - melded +0 pair of gloves
SInv    .            (boots currently unavailable)
Will    .....        (no amulet)
Stlth   +            (no ring)
HPRegen 0.35/turn    (no ring)
MPRegen 0.08/turn

%: no passive effects
@: mighty, tree-form, attractive
A: stationary, stasis, torment immunity, boosted hp, (horns 2), (retaliatory
headbutt)
a: no special abilities


You were on level 6 of the Dungeon.
You were a tree.
You visited 1 branch of the dungeon, and saw 6 of its levels.

You collected 199 gold pieces.

Inventory:

Hand Weapons
 a - a +0 war axe
 p - a +2 dagger of venom
 A - a +2 antimagic hand axe (weapon)
Armour
 c - a +0 buckler (worn)
 k - a +0 cloak of stealth (melded)
 x - a +0 chain mail (melded)
 E - a +0 pair of gloves (melded)
Jewellery
 t - a ring of wizardry
Wands
 v - a wand of charming (1)
 C - a wand of mindburst (14)
 D - a wand of light (6)
Scrolls
 b - a scroll of silence {unknown}
 e - 5 scrolls of identify {unknown}
 g - a scroll of summoning {unknown}
 h - a scroll of enchant armour {unknown}
 i - 5 scrolls of fog {unknown}
 j - 2 scrolls of magic mapping {unknown}
 l - 2 scrolls of immolation {unknown}
 m - 2 scrolls of fear {unknown}
 o - 2 scrolls of amnesia {unknown}
 s - 3 scrolls of teleportation {unknown}
 u - a scroll of acquirement {unknown}
 y - 2 scrolls of noise {unknown}
Potions
 f - a potion of lignification
 n - 3 potions of attraction
 q - 2 potions of brilliance {unknown}
 r - 2 potions of curing {unknown}
 w - 2 potions of ambrosia {unknown}
 z - a potion of flight {unknown}
 B - a potion of cancellation {unknown}


   Skills:
 + Level 5.4 Fighting
 * Level 6.2 Axes
 + Level 5.3 Armour
 + Level 5.4 Shields


You had 6 spell levels left.
You didn't know any spells.
Your spell library contained the following spells:

 Spells                   Type           Power      Damage    Failure   Level
 Freeze                   Ice            0%         1d3       54%         1
 Frozen Ramparts          Ice            0%         1d1       88%         3
 Hailstorm                Conj/Ice       0%         3d3       88%         3


Dungeon Overview and Level Annotations

Branches:
Dungeon (6/15)
 Temple: D:4-7

Altars:
Kikubaaqudgha
Qazlal
Trog
Vehumet
Yredelemnul


Innate Abilities, Weirdness & Mutations

You are a tree.
Your roots penetrate the ground, keeping you stationary.
You cannot be teleported.
You are immune to unholy pain and torment.
Your maximum health is greatly increased.
Your equipment is partially melded.
((You have a pair of horns on your head.))
((You reflexively headbutt those who attack you in melee.))


Message History

The troll is moderately wounded.
The troll bites you.
* * * LOW HITPOINT WARNING * * *
The troll closely misses you. x2
You slash the troll!
The troll is heavily wounded.
The troll bites you!
* * * LOW HITPOINT WARNING * * *
The troll barely misses you. The troll claws you but does no damage.
You barely miss the troll.
The troll is heavily wounded.
The troll bites you but does no damage. The troll claws you.
* * * LOW HITPOINT WARNING * * *
The troll claws you but does no damage.
You hit the troll.
The troll is severely wounded.
The troll closely misses you. The troll barely misses you.
The troll completely misses you.
Unknown command.
It was a potion of attraction.
You feel attractive to monsters. The troll bites you but does no damage.
The troll claws you.
* * * LOW HITPOINT WARNING * * *
The troll claws you but does no damage.
It was a potion of lignification.
You turn into a tree.
Your +0 cloak of stealth melds into your body.
Your +0 pair of gloves melds into your body.
Your +0 chain mail melds into your body.
You feel less stealthy.
Your roots penetrate the ground.
The troll bites you but does no damage. The troll claws you!
* * * LOW HITPOINT WARNING * * *
The troll claws you but does no damage.
Unknown command.
Unknown command.
Unknown command.
Unknown command.
You barely miss the troll.
The troll is heavily wounded.
The troll bites you but does no damage. The troll claws you.
You die...

........#....#
.......#>...#
......#....#
.....#....# #.
#...##....
#..##...#....#
#.......#....+
#.....T♣#..<.#
#..####.#....######
..####.###'#.....#
#...........#.....#
#...........#.....#
#+########..#.....#
#######+##


You could see a troll.

Vanquished Creatures
  A black bear (D:5)
  A phantom (D:5)
  A scorpion (D:5)
  2 jellies (D:5)
  An orc priest (D:4)
  Jessica (D:2)
  Terence (D:2)
  An iguana (D:4)
  5 adders
  3 gnolls (D:5)
  An ufetubus (D:5)
  A worm (D:3)
  3 dart slugs
  10 orcs
  7 endoplasms
  3 giant cockroaches
  6 goblins
  6 hobgoblins
  6 kobolds
  A quokka (D:2)
  8 ball pythons
  2 bats (D:1)
  5 frilled lizards
  3 rats
  A spectral orc (D:5)
80 creatures vanquished.

Notes
Turn   | Place    | Note
-------+----------+-------------------------------------------
     0 | D:1      | seaoflcl the Minotaur Fighter began the quest for the Orb.
     0 | D:1      | Reached XP level 1. HP: 19/19 MP: 0/0
   455 | D:1      | Found a faded altar of an unknown god.
   558 | D:1      | Reached XP level 2. HP: 27/27 MP: 1/1
  1021 | D:2      | Reached skill level 3 in Axes
  1021 | D:2      | Noticed Terence
  1034 | D:2      | Killed Terence
  1035 | D:2      | Reached XP level 3. HP: 19/33 MP: 2/2
  1226 | D:2      | Noticed Jessica
  1229 | D:2      | Killed Jessica
  1230 | D:2      | Reached XP level 4. HP: 40/40 MP: 3/3
  1456 | D:2      | Found an ancient bone altar of Kikubaaqudgha.
  1720 | D:2      | Reached skill level 4 in Axes
  2425 | D:4      | Found a radiant altar of Vehumet.
  2439 | D:4      | Reached XP level 5. HP: 42/47 MP: 4/4
  2529 | D:4      | Found a bloodstained altar of Trog.
  2559 | D:4      | Found a stormy altar of Qazlal.
  2905 | D:5      | Entered Level 5 of the Dungeon
  2920 | D:5      | Reached skill level 5 in Axes
  3229 | D:5      | Noticed a phantom
  3237 | D:5      | Killed a phantom
  3238 | D:5      | Reached skill level 5 in Fighting
  3238 | D:5      | Reached skill level 5 in Shields
  3238 | D:5      | Reached XP level 6. HP: 56/56 MP: 1/5
  3260 | D:5      | Reached skill level 5 in Armour
  3394 | D:5      | Reached skill level 6 in Axes
  3394 | D:5      | Reached XP level 7. HP: 45/61 MP: 2/6
  3553 | D:5      | Found a basalt altar of Yredelemnul.
  3615 | D:6      | Noticed a troll
  3630 | D:6      | HP: 1/91 [troll (9)]
  3631 | D:6      | Slain by a troll

Illustrated notes

Levels and vault maps discovered:
D:1:      roderic_octagonal_star, layout_loops_cross,
          shapermc_ecumenical_altar_totnotflames, minivault_19,
          minmay_pentomino_v4
D:2:      layout_loops_corners, basic_altar, minmay_tripent, uniq_jessica,
          uniq_terence
D:3:      layout_basic, grunt_decor_fettered
D:4:      layout_cave_pools, lemuel_crystal_altar, kennysheep_mini,
          mainiacjoe_overflow_catwalk
D:5:      layout_rooms, yredelemnul_forgotten_temple_becter, minmay_fountain_box
D:6:      layout_gridville

Skill      XL: |  1  2  3  4  5  6 |
---------------+-------------------+-----
Axes           | 3 4 5 6 |  6.2
Fighting       | 4 5 |  5.4
Armour         | 4 5 |  5.3
Shields        | 4 5 |  5.4

Action                     |  1- 3 |  4- 6 |  7- 9 || total
---------------------------+-------+-------+-------++-------
  Melee: War axe           |    41 |    81 |       ||   122
         Headbutt          |     4 |    23 |     2 ||    29
         Hand axe          |       |    42 |    17 ||    59
    Use: Potion            |       |       |     3 ||     3
 Armour: Scale mail        |    20 |    24 |       ||    44
         Chain mail        |       |    37 |    12 ||    49
         Skin              |       |       |     3 ||     3
  Dodge: Dodged            |    19 |    50 |    14 ||    83
  Block: Buckler           |     4 |    22 |     4 ||    30
